 Seeded DCSS version 0.29-a0-1065-g47a6bb87d6 (webtiles) character file.

Game seed: 1 (custom seed)

1848 Kazon the Slasher (level 8, -8/68 HPs)
             Began as a Demigod Fighter on Aug 18, 2022.
             Mangled by an ogre
             ... wielding a +0 giant club
              (10 damage)
             ... on level 6 of the Dungeon.
             The game lasted 00:19:00 (4077 turns).

Kazon the Slasher (Demigod Fighter)                 Turns: 4077, Time: 00:19:01

Health: -8/68      AC: 13    Str: 21    XL:     8   Next: 57%
Magic:  0/10       EV: 11    Int: 10    God:
Gold:   141        SH:  5    Dex: 17    Spells: 7/7 levels left

rFire   . . .      SeeInvis .   o - +3 falchion of Winter {venom, rCorr}
rCold   + . .      Faith    .   c - +0 buckler
rNeg    . . .      Spirit   .   A - +1 ring mail {rC+}
rPois   .          Reflect  .   v - +0 helmet
rElec   .          Harm     .   (no cloak)
rCorr   +          Rampage  .   e - +1 pair of gloves {infuse}
Will    .....                   s - +2 pair of boots
Stlth   +.........              n - amulet of regeneration
HPRegen 1.01/turn               (no ring)
MPRegen 0.12/turn               (no ring)

@: no status effects
A: high MP 1, forlorn, divine attributes
a: no special abilities


You were on level 6 of the Dungeon.
You visited 1 branch of the dungeon, and saw 6 of its levels.

You collected 325 gold pieces.
You spent 184 gold pieces at shops.

Inventory:

Hand Weapons
 a - a +0 flail
 o - the +3 falchion of Winter (weapon) {venom, rCorr}
   (You bought it in a shop on level 3 of the Dungeon)

   It poisons the flesh of those it strikes.
   rCorr:     It protects you from acid and corrosion.
Missiles
 b - 3 boomerangs of dispersal
 j - 6 stones (quivered)
 m - 10 poisoned darts
 p - a throwing net
 u - 6 boomerangs
Armour
 c - a +0 buckler (worn)
 e - a +1 pair of gloves of infusion (worn)
 s - a +2 pair of boots (worn)
 v - a +0 helmet (worn)
 A - a +1 ring mail of cold resistance (worn)
Jewellery
 n - an amulet of regeneration (around neck)
Wands
 f - a wand of mindburst (12)
 y - a wand of flame (15)
Scrolls
 k - 2 scrolls of enchant weapon {unknown}
 l - 4 scrolls of identify {unknown}
 q - a scroll of fog {unknown}
 r - a scroll of immolation {unknown}
 w - a scroll of vulnerability {unknown}
 x - a scroll of blinking {unknown}
Potions
 d - a potion of might
 g - a potion of ambrosia {unknown}
 h - 2 potions of flight {unknown}
 i - 2 potions of attraction {unknown}
 t - a potion of berserk rage {unknown}
 z - 2 potions of heal wounds
 B - a potion of curing {unknown}


   Skills:
 * Level 5.1 Fighting
 + Level 5.4 Long Blades
 + Level 3.6 Maces & Flails
 + Level 3.2 Throwing
 + Level 4.8 Armour
 + Level 2.1 Dodging
 + Level 0.4 Stealth
 + Level 4.4 Shields
 * Level 0.1 Evocations


You had 7 spell levels left.
You didn't know any spells.
Your spell library contained the following spells:

 Spells                   Type           Power      Damage    Failure   Level
 Apportation              Tloc           0%         N/A       61%         1
 Necrotise                Necr           0%         1d4       61%         1
 Sting                    Tmut/Pois      0%         1d3       61%         1
 Summon Small Mammal      Summ           0%         N/A       61%         1
 Ensorcelled Hibernation  Hex/Ice        0%         N/A       75%         2
 Poisonous Vapours        Pois/Air       0%         N/A       75%         2
 Spider Form              Tmut/Pois      0%         N/A       93%         3
 Anguish                  Hex/Necr       0%         N/A       100%        4
 Olgreb's Toxic Radiance  Pois           0%         N/A       100%        4


Dungeon Overview and Level Annotations

Branches:
Dungeon (6/15)
 Temple: D:4-7

Shops:
D:3 (


Innate Abilities, Weirdness & Mutations

You have an increased reservoir of magic. (+10% MP)
You shall have no god before yourself.
Your divine heritage dramatically boosts your attributes as you level up.


Message History

The orc priest looks encouraged for a moment.
Unknown command.
Unknown command.
It was a potion of heal wounds.
You feel much better.
You closely miss the orc priest.
The orc priest calls down the wrath of Beogh upon you.
You struggle to resist.
The orc priest hits you with a +0 whip.
You hit the orc priest.
The orc priest is poisoned.
The orc priest is moderately wounded.
The orc priest barely misses you.
You hit the orc priest.
The orc priest looks even sicker.
The orc priest is moderately wounded.
The orc priest calls down the wrath of Beogh upon you.
Beogh smites you!
You barely miss the orc priest.
The orc priest is severely wounded.
The orc priest calls down the wrath of Beogh upon you.
Beogh smites you!
* * * LOW HITPOINT WARNING * * *
You closely miss the orc priest.
The orc priest is severely wounded.
The orc priest closely misses you.
You barely miss the orc priest.
The orc priest is severely wounded.
The orc priest misses you.
You hit the orc priest.
You kill the orc priest!
You hit the orc.
The orc is poisoned.
The orc is moderately wounded.
The orc completely misses you.
You hit the orc.
You kill the orc!
You slash the ogre!
The ogre is poisoned.
The ogre is moderately wounded.
The ogre hits you with a +0 giant club!!
* * * LOW HITPOINT WARNING * * *
You barely miss the ogre.
The ogre is moderately wounded.
The ogre hits you with a +0 giant club!
You die...

#.#####[.#.#
#.......##.#
#......#..#
####
#.#.......#
...#
##...###.#.#
...# #...##
#.# †..##
#...# #.#
....#####..##
#.#
......##..##
#@#
...##.##..#
#O#
#####.....#
#.# ##...##
#..# .....#
#..##
.......# #.#
..)).###.# #.
##### #.. ..
#### #.


You could see an ogre (very poisoned).

Vanquished Creatures
  Eustachio (D:4)
  Duvessa (D:5)
  A water moccasin (D:4)
  An ice beast (D:6)
  A black bear (D:4)
  4 ogres
  A phantom (D:4)
  2 necrophages (D:5)
  Dowan (D:5)
  A howler monkey (D:4)
  6 hounds
  A jelly (D:6)
  3 orc priests
  3 iguanas
  3 orc wizards
  Natasha (thrice) (D:4)
  3 gnolls (D:2)
  2 adders (D:2)
  An ufetubus (D:4)
  2 worms
  3 dart slugs
  24 orcs
  5 ball pythons
  7 endoplasms
  A giant cockroach (D:1)
  8 goblins
  12 hobgoblins
  7 jackals
  8 kobolds
  4 quokkas
  2 bats
  4 frilled lizards
  5 rats
131 creatures vanquished.

Notes
Turn   | Place    | Note
-------+----------+-------------------------------------------
     0 | D:1      | Kazon the Demigod Fighter began the quest for the Orb.
     0 | D:1      | Reached XP level 1. HP: 18/18 MP: 3/3
    90 | D:1      | Identified a scroll of acquirement
    90 | D:1      | Acquired a +1 pair of gloves of infusion
   457 | D:1      | Reached XP level 2. HP: 25/25 MP: 1/4
   952 | D:2      | Reached XP level 3. HP: 21/30 MP: 2/5
  1033 | D:3      | Found Umat's Antique Weapon Boutique.
  1515 | D:3      | Bought a crude falchion for 184 gold pieces
  1515 | D:3      | Identified the +3 falchion of Winter {venom, rCorr} (You
                  | bought it in a shop on level 3 of the Dungeon)
  1589 | D:2      | Reached XP level 4. HP: 24/37 MP: 1/6
  2130 | D:4      | Noticed an ogre
  2133 | D:4      | Killed an ogre
  2134 | D:4      | Reached skill level 1 in Long Blades
  2134 | D:4      | Reached skill level 1 in Dodging
  2134 | D:4      | Reached XP level 5. HP: 28/45 MP: 4/7
  2222 | D:4      | Noticed Natasha
  2225 | D:4      | Killed Natasha
  2256 | D:4      | Reached XP level 6. HP: 48/51 MP: 2/8
  2563 | D:4      | Reached skill level 1 in Throwing
  2609 | D:4      | Reached XP level 7. HP: 57/57 MP: 3/9
  2861 | D:4      | Noticed Eustachio
  2868 | D:4      | Noticed Natasha
  2876 | D:4      | Killed Eustachio
  2882 | D:4      | Killed Natasha
  3079 | D:4      | Noticed Natasha
  3087 | D:4      | Killed Natasha
  3145 | D:5      | Entered Level 5 of the Dungeon
  3296 | D:5      | Noticed Dowan
  3296 | D:5      | Noticed Duvessa
  3308 | D:5      | Killed Duvessa
  3309 | D:5      | Reached XP level 8. HP: 66/66 MP: 6/10
  3313 | D:5      | Killed Dowan
  3558 | D:5      | Reached skill level 5 in Long Blades
  4023 | D:6      | Reached skill level 5 in Fighting
  4076 | D:6      | HP: 1/68 [ogre/+0 giant club (24)]
  4077 | D:6      | Mangled by an ogre

Illustrated notes

Levels and vault maps discovered:
D:1:      dpeg_arrival_three_smaller_balls, layout_basic
D:2:      layout_loops_ring
D:3:      layout_basic, serial_shops, nicolae_shop_stone, st_stairs_7
D:4:      minmay_razor_zed, layout_basic, worldfamousw_hep_ancestral_shrine,
          uniq_eustachio, uniq_natasha
D:5:      layout_basic, uniq_duvessa
D:6:      layout_rooms, dilly_guarded_unrand_devastator

Skill      XL: |  1  2  3  4  5  6  7  8 |
---------------+-------------------------+-----
Shields        | 3 4 |  4.4
Armour         | 3 4 |  4.8
Maces & Flails | 2 3 |  3.6
Fighting       | 3 4 5 |  5.1
Long Blades    | 1 2 3 4 5 |  5.4
Dodging        | 1 2 |  2.1
Throwing       | 1 2 3 |  3.2
Stealth        | |  0.4
Evocations     | |  0.1

Action                   |  1- 3 |  4- 6 |  7- 9 || total
-------------------------+-------+-------+-------++-------
Melee: Flail             |   102 |       |       ||   102
       Falchion          |     9 |    90 |   169 ||   268
Throw: Dart              |     3 |       |    11 ||    14
       Stone             |       |    12 |     4 ||    16
  Use: Scroll            |     1 |       |       ||     1
       Potion            |       |       |     3 ||     3
Armor: Scale mail        |    62 |    31 |    46 ||   139
       Ring mail         |       |       |    16 ||    16
Dodge: Dodged            |    66 |    40 |    65 ||   171
Block: Buckler           |    16 |    36 |    41 ||    93

Table legend: (Time is in decaauts)
 A = Elapsed time spent in this place.
 B = Non-inter-level travel time spent in this place.
 C = Inter-level travel time spent in this place.
 D = Time resting spent in this place.
 E = Time spent auto-exploring this place.
 F = Levels seen in this place.
 G = Mean time per level.
                   A        B        C        D        E       F      G
               +--------+--------+--------+--------+--------+-----+--------+
         Total |   4141 |   4063 |     78 |     11 |   1537 |   6 |  690.2 |
       Dungeon |   4141 |   4063 |     78 |     11 |   1537 |   6 |  690.2 |
               +--------+--------+--------+--------+--------+-----+--------+

Top non-repeatable levels by time:
     D:4: 1059 daAuts
     D:1: 910 daAuts
     D:5: 857 daAuts
     D:2: 658 daAuts
     D:3: 570 daAuts
     D:6: 84 daAuts
